 Dungeon Crawl Stone Soup version 0.28-a0-1510-gd0f6b136d3 (webtiles) character file.

Game seed: 7903473293438896379

17 Shayle the Magician (level 2, 0/23 HPs)
             Began as a Djinni Warper on Jan 15, 2022.
             Slain by a kobold (3 damage)
             ... on level 3 of the Dungeon.
             The game lasted 00:03:06 (1962 turns).

Shayle the Magician (Djinni Warper)                 Turns: 1962, Time: 00:03:07

Health: 0/23       AC:  3    Str:  7 (10) XL:     2   Next: 80%
Gold:   61         EV: 11    Int: 12 (14) God:
                   SH:  0    Dex:  9 (12)

rFire   + + .      SeeInvis .     - Unarmed
rCold   x . .      Faith    .   (no shield)
rNeg    . . .      Spirit   .   a - +0 leather armour
rPois   ∞          Reflect  .   (no helmet)
rElec   .          Harm     .   (no cloak)
rCorr   .          Rampage  .   (no gloves)
Will    .....                   (boots unavailable)
Stlth   +.........              (no amulet)
HPRegen 0.07/turn               (no ring)
MPRegen 0.00/turn               (no ring)

@: brilliant, flying
A: sickness immunity, fire resistance 2, cold vulnerability 1, float, innate
caster, hp casting, extra vitality 1
a: no special abilities


You were on level 3 of the Dungeon.
You visited 1 branch of the dungeon, and saw 3 of its levels.

You collected 61 gold pieces.

Inventory:

Armour
 a - a +0 leather armour (worn)
Scrolls
 g - 2 scrolls of enchant weapon


   Skills:
 + Level 2.3 Fighting
 - Level 0.7 Throwing
 - Level 1.0 Armour
 + Level 2.5 Dodging
 + Level 2.3 Unarmed Combat
 + Level 2.6 Spellcasting


You couldn't memorise any spells.
You knew the following spells:

 Your Spells              Type           Power      Damage    Failure   Level
a - Blink                 Tloc           22%        N/A       19%         2
b - Lesser Beckoning      Tloc           11%        N/A       36%         3
c - Gell's Gravitas       Tloc           11%        N/A       36%         3
d - Teleport Other        Tloc           11%        N/A       36%         3
e - Manifold Assault      Tloc           11%        N/A       98%         5
Your spell library was empty.

Dungeon Overview and Level Annotations

Branches:
Dungeon (3/15)

Altars:

Annotations:
D:2 Terence


Innate Abilities, Weirdness & Mutations

You are immune to sickness and miasma.
You are immune to poison.
Your flesh is very heat resistant. (rF++)
You are vulnerable to cold. (rC-)
You float through the air rather than walking.
You learn spells naturally, not from books.
Your magical power is your life essence.
You have superior vitality. (+4 MHP)


Message History

* * * LOW HITPOINT WARNING * * *
Okay, then.
The jackal closely misses you.
The jackal bites you but does no damage.
The jackal bites you.
* * * LOW HITPOINT WARNING * * *
Blink to where?
Press: ? - help, Dir - move target
As you read the scroll of blinking, it crumbles to dust.
You aren't carrying any potions.
Unknown command.
As you read the scroll labelled CEGHICEPUWA, it crumbles to dust.
It is a scroll of enchant weapon.
You aren't carrying any weapons that can be enchanted.
As you read the scroll labelled KECKER PEHOH, it crumbles to dust.
It is a scroll of identify.
You don't have any unidentified items.
You hit the jackal.
The jackal is moderately wounded.
The jackal barely misses you.
You hit the jackal.
The jackal is almost dead.
The jackal barely misses you.
You hit the jackal.
You kill the jackal!
The kobold hits you but does no damage.
You closely miss the kobold. The kobold barely misses you.
You closely miss the kobold.
The kobold hits you with a +0 short sword.
* * * LOW HITPOINT WARNING * * *
You hit the kobold.
You kill the kobold!
You closely miss the kobold.
The kobold hits you with a +0 short sword.
* * * LOW HITPOINT WARNING * * *
You closely miss the kobold. The kobold barely misses you.
You barely miss the kobold. The kobold hits you but does no damage.
You closely miss the kobold.
The kobold hits you with a +0 short sword.
You die...

............... .....
.....#......... ...#
........###≈≈≈ ##..#
.....#...### ###...#
###...##...######....####
...............†........########
.........#######.....##K...#...#
..###..#.#################.K...#
.. ##.#†.......@K.............#
.# #.<####################...# #
##.# ...# #.. ...# ###. #### ##


You could see a kobold.

Vanquished Creatures
  2 ball pythons
  A bat (D:1)
  An endoplasm (D:1)
  3 goblins (D:1)
  A hobgoblin (D:1)
  A jackal (D:3)
  A quokka (D:2)
  2 frilled lizards
  4 kobolds
  A rat (D:1)
17 creatures vanquished.

Notes
Turn   | Place    | Note
-------+----------+-------------------------------------------
     0 | D:1      | Shayle the Djinni Warper began the quest for the Orb.
     0 | D:1      | Reached XP level 1. HP: 18/18 MP: 0/0
   446 | D:1      | Reached XP level 2. HP: 13/23 MP: 0/0
  1883 | D:2      | Noticed Terence
  1962 | D:3      | Slain by a kobold

Illustrated notes

Levels and vault maps discovered:
D:1:      lemuel_arrival_muddy, layout_basic, basic_ecumenical_altar,
          serial_bayou_lagoon_a
D:2:      layout_basic, uniq_terence, uniq_jessica
D:3:      cheibrodos_helix_gallery, layout_rooms, serial_shops, shop,
          chequers_serial_rivers_large_b, uniq_natasha

Action                   || total
-------------------------++-------
Melee: Unarmed           ||   106
       Punch             ||     2
Throw: Boomerang         ||     5
 Cast: Blink             ||     1
  Use: Scroll            ||     3
       Potion            ||     3
Armor: Leather armour    ||    35
Dodge: Dodged            ||    63

Table legend: (Time is in decaauts)
 A = Elapsed time spent in this place.
 B = Non-inter-level travel time spent in this place.
 C = Inter-level travel time spent in this place.
 D = Time resting spent in this place.
 E = Time spent auto-exploring this place.
 F = Levels seen in this place.
 G = Mean time per level.
                   A        B        C        D        E       F      G
               +--------+--------+--------+--------+--------+-----+--------+
         Total |   1959 |   1925 |     34 |    298 |   1372 |   3 |  653.0 |
       Dungeon |   1959 |   1925 |     34 |    298 |   1372 |   3 |  653.0 |
               +--------+--------+--------+--------+--------+-----+--------+

Top non-repeatable levels by time:
     D:1: 1583 daAuts
     D:2: 311 daAuts
     D:3: 63 daAuts
